 Dungeon Crawl Stone Soup version 0.17-a0-229-g5ae695d (webtiles) character file.

95 xeno23 the Conjurer (level 4, -1/33 HPs)
             Began as a Draconian Conjurer on Mar 29, 2015.
             Slain by Boldrick's ghost (9 damage)
             ... on level 3 of the Dungeon.
             The game lasted 00:13:39 (2183 turns).

xeno23 the Conjurer (Draconian Conjurer)            Turns: 2183, Time: 00:13:40

Health: -1/33      AC:  7    Str: 10    XL:     4   Next: 40%
Magic:  2/7        EV: 12    Int: 16    God:
Gold:   144        SH:  0    Dex: 12    Spells: 2 memorised, 2 levels left

rFire  . . .     SeeInvis .     u - -2 war axe (curse)
rCold  . . .     Clarity  +     (armour unavailable)
rNeg   . . .     SustAb   .     (no shield)
rPois  .         Gourm    .     (helmet restricted)
rElec  .         Spirit   .     h - +0 cloak
rCorr  .         Warding  .     (no gloves)
rMut   .         Stasis   .     l - +0 pair of boots
MR     .....                    m - amulet of clarity
Stlth  ++........               (no ring)
                                j - ring of wizardry

@: not resistant to hostile enchantments, unstealthy
A: unfitting armour, cold-blooded, AC +5
a: no special abilities


You were on level 3 of the Dungeon.
You were hungry.

You visited 1 branch of the dungeon, and saw 4 of its levels.

You collected 144 gold pieces.

Inventory:

Hand weapons
 d - a +0 dagger
 p - a +0 mace
 u - a cursed -2 war axe (weapon)
Missiles
 i - 12 stones
 k - a throwing net
 s - 6 tomahawks
 w - 6 javelins (quivered)
Armour
 h - a +0 cloak (worn)
 l - a +0 pair of boots (worn)
Jewellery
 j - a ring of wizardry (left hand)
 m - an amulet of clarity (around neck)
Scrolls
 a - 5 scrolls of identify
Potions
 e - a potion of heal wounds {unknown}
 n - 2 potions of agility
 o - a potion of magic {unknown}
 r - a potion of cancellation {unknown}
 t - a potion of degeneration {unknown}
Books
 c - a book of Conjurations

   Spells                             Type                      Level
   a - Magic Dart                     Conjuration                  1
   b - Searing Ray                    Conjuration                  2
   c - Dazzling Spray                 Conjuration/Hexes            3
   d - Fulminant Prism                Conjuration/Hexes            4
   e - Iskenderun's Mystic Blast      Conjuration                  4
   f - Iskenderun's Battlesphere      Conjuration/Charms           5
Comestibles
 b - 2 bread rations
 f - a slice of pizza
 g - 3 meat rations
 v - 4 fruits


   Skills:
 - Level 1.7 Dodging
 - Level 1.7 Stealth
 - Level 2.0 Spellcasting
 + Level 5.9 Conjurations


You had 2 spell levels left.
You knew the following spells:

 Your Spells              Type           Power        Failure   Level  Hunger
a - Magic Dart            Conj           ###.         1%          1    #......
q - Iskenderun's Mystic   Conj           ###.....     9%          4    #####..


Dungeon Overview and Level Annotations

Branches:
Dungeon (4/15)
 Temple: D:4-7

Altars:
Qazlal

Annotations:
D:2 Sigmund
D:3 Boldrick's ghost, experienced GrBe
D:4 squibie's ghost, weakling DgGl


Innate Abilities, Weirdness & Mutations

Your plain brown scales are hard (AC +5).
Your body does not fit into most forms of armour.
You are cold-blooded and may be slowed by cold attacks.


Message History

The ball python barely misses you. The ball python constricts you.
Casting: Iskenderun's Mystic Blast
Confirm with . or Enter, or press ? or * to list all spells.
Aiming: Magic Dart
Press: ? - help, Shift-Dir - straight line, f - ball python
Aim: a ball python (constricting you)
The magic dart hits the ball python.
The ball python is severely wounded.
The ball python barely misses you. The ball python constricts you.
Casting: Magic Dart
Confirm with . or Enter, or press ? or * to list all spells.
Aiming: Magic Dart
Press: ? - help, Shift-Dir - straight line, f/p - ball python
Aim: a ball python (severely wounded, constricting you)
The magic dart hits the ball python.
You kill the ball python!
You climb upwards.
Level annotation: Boldrick's ghost, experienced GrBe Boldrick's ghost hits you!
You die...

################
#..........W@..#
#.############.#
#####.# #.#
......# #.#
.###### #.#
#.....# #.#
.####.# #.# ##
#.# #.# #.# #.#


You could see Boldrick's ghost.

Vanquished Creatures
  An adder (D:3)
  A gnoll (D:1)
  A worm (D:4)
  2 giant mites
  3 giant geckos
  2 oozes (D:1)
  A ball python (D:4)
  3 giant cockroaches
  5 goblins
  7 hobgoblins
  3 kobolds
  A quokka (D:2)
  10 bats
  3 giant newts
  7 rats
50 creatures vanquished.

Notes
Turn   | Place    | Note
--------------------------------------------------------------
     0 | D:1      | xeno23, the Draconian Conjurer, began the quest for the Orb.
     0 | D:1      | Reached XP level 1. HP: 14/14 MP: 3/3
   193 | D:1      | Reached XP level 2. HP: 10/20 MP: 1/4
   914 | D:1      | Reached skill level 5 in Conjurations
   914 | D:1      | Reached XP level 3. HP: 18/26 MP: 0/6
  1357 | D:2      | Noticed Sigmund
  1469 | D:3      | Reached XP level 4. HP: 24/33 MP: 0/7
  1535 | D:3      | Learned a level 4 spell: Iskenderun's Mystic Blast
  1618 | D:3      | Noticed Boldrick's ghost (experienced GrBe)
  1912 | D:3      | Found a stormy altar of Qazlal.
  2096 | D:4      | Noticed squibie's ghost (weakling DgGl)
  2183 | D:3      | Slain by Boldrick's ghost

Action                   |  1- 3 |  4- 6 || total
-------------------------+-------+-------++-------
Melee: Dagger            |   107 |    14 ||   121
       Unarmed           |    10 |       ||    10
       War axe           |       |    16 ||    16
Throw: Javelin           |       |     1 ||     1
 Cast: Magic Dart        |    53 |    26 ||    79
       Iskenderun's Myst |       |     1 ||     1
  Use: Scroll            |       |     7 ||     7
  Eat: Chunk             |     3 |     2 ||     5
